 Dungeon Crawl Stone Soup version 0.30-b1-2-g02819fbbbe (webtiles) character file.

Game seed: 15425864344693225165

5 sanka the Sneak (level 1, -3/19 HPs)
             Began as a Djinni Brigand on May 7, 2023.
             Slain by a quokka (4 damage)
             ... on level 1 of the Dungeon.
             The game lasted 00:00:37 (136 turns).

sanka the Sneak (Djinni Brigand)                     Turns: 136, Time: 00:00:37

Health: -3/19      AC:  3    Str: 10    XL:     1   Next: 88%
Gold:   9          EV: 12    Int: 12    God:
                   SH:  0    Dex: 14

rFire   + + .        a - +2 dagger
rCold   x . .        (no shield)
rNeg    . . .        b - +0 robe
rPois   ∞            (no helmet)
rElec   .            c - +0 cloak
rCorr   .            (no gloves)
SInv    .            (boots unavailable)
Will    .....        (no amulet)
Stlth   ++           (no ring)
HPRegen 0.23/turn    (no ring)
MPRegen 0.00/turn

%: infuse magic (-4 HP)
@: flying
A: sickness immunity, fire resistance 2, cold vulnerability 1, float, innate
caster, HP casting, extra vitality 1
a: no special abilities


You were on level 1 of the Dungeon.
You visited 1 branch of the dungeon, and saw 1 of its levels.

You collected 9 gold pieces.

Inventory:

Hand Weapons
 a - a +2 dagger (weapon)
Missiles
 d - 4 poisoned darts (quivered)
 e - 3 curare-tipped darts {=f}
Armour
 b - a +0 robe (worn)
 c - a +0 cloak (worn)
Scrolls
 f - a scroll of enchant armour {unknown}


   Skills:
 + Level 2.5 Fighting
 - Level 1.7 Short Blades
 - Level 1.5 Throwing
 - Level 1.1 Dodging
 - Level 3.2 Stealth You didn't know any spells. Your spell library was empty.

Dungeon Overview and Level Annotations

Branches:
Dungeon (1/15)

Altars:


Innate Abilities, Weirdness & Mutations

You are immune to sickness and miasma.
You are immune to poison.
Your flesh is very heat resistant. (rF++)
You are vulnerable to cold. (rC-)
You float through the air rather than walking.
You learn spells naturally, not from books.
Your magical power is your life essence.
You have superior vitality. (+4 MHP)


Message History

You are too injured to fight recklessly!
Throw: 8 darts (poison)
Press: ? - help, Q - select action, (/) - cycle Shift-Dir - straight line, f/p - quokka
Aim: a quokka (48% to hit)
You throw a poisoned dart.
The poisoned dart closely misses the quokka.
The quokka misses you.
Throw: 7 darts (poison)
Press: ? - help, Q - select action, (/) - cycle Shift-Dir - straight line, f/p - quokka
Aim: a quokka (48% to hit)
You throw a poisoned dart.
The poisoned dart barely misses the quokka.
The quokka bites you.
* * * LOW HITPOINT WARNING * * *
Throw: 6 darts (poison)
Press: ? - help, Q - select action, (/) - cycle Shift-Dir - straight line, f/p - quokka
Aim: a quokka (48% to hit)
You throw a poisoned dart.
The poisoned dart closely misses the quokka.
The quokka bites you but does no damage.
Throw: 5 darts (poison)
Press: ? - help, Q - select action, (/) - cycle Shift-Dir - straight line, f/p - quokka
Aim: a quokka (48% to hit)
You throw a poisoned dart. The poisoned dart hits the quokka.
The quokka is poisoned.
The quokka bites you.
* * * LOW HITPOINT WARNING * * *
You closely miss the quokka.
The quokka is lightly wounded.
The quokka bites you.
* * * LOW HITPOINT WARNING * * *
Unknown command.
You aren't carrying any potions.
You completely miss the quokka.
The quokka is lightly wounded.
The quokka misses you.
You hit the quokka.
The quokka is severely wounded.
The quokka bites you.
You die...

#(.(...((.##..#.##.
+..(((8.(...'.......
##.((.(((.(###.#.##. ..........#
###(..((###........ . ....h....
##########.......... .##.........
..... ..........#.. . ...........
...#...#.......#.. .?##.....#..#
#................. .......h.#..#
#@# #............ #....##..# #r#
#.#...#.#.#..
..##....##..####g####.. #.#.#..
........##..hg..h....... .......
........†...##.#.##.#... ..#.#..
...#.#.###..##.#.##.#.....#.#.#..
..........................#.#.#..
...#.#......##...##.#.....#.#.#..
.................##.#.....#.#.#..


You could see a quokka (poisoned), a jackal and a goblin.

Vanquished Creatures
  A goblin (D:1)
  2 jackals (D:1)
  A ball python (D:1)
  A frilled lizard (D:1)
5 creatures vanquished.

Notes
Turn   | Place    | Note
-------+----------+-------------------------------------------
     0 | D:1      | sanka the Djinni Brigand began the quest for the Orb.
     0 | D:1      | Reached XP level 1. HP: 18/18 MP: 0/0
   136 | D:1      | Slain by a quokka

Illustrated notes

Levels and vault maps discovered:
D:1:      minmay_arrival_shattered_statue, layout_basic

Action                     || total
---------------------------++-------
  Melee: Dagger            ||    28
  Throw: Dart              ||     5
 Armour: Robe              ||    12
  Dodge: Dodged            ||    20
